General information
- name: BNet
- type: Ladder team game (AT/RT)
- host: Battle.net
- saver: Dexanth
map: Slalom
- players: 8
- length: 18:53
- speed: Fast
- version: 1.21 W3XP
- replay type: Public
» download(216 KB)
Players
team 1 (winner)

»
Dexanth (
pink | 101 APM | 1903 actions | 18:53)
6 Demon Hunter
3 Mana Burn
2 Evasion
1 Metamorphosis
» actions
| Assign group hotkey | 42 | |
| Basic commands | 23 | |
| Build / train | 70 | |
| Enter build submenu | 13 | |
| Enter hero's abilities submenu | 6 | |
| Right click | 899 | |
| Select / deselect | 215 | |
| Select group hotkey | 585 | |
| Use ability | 50 | |
1903 total
» units
| Wisp | 15 | |
| Archer | 23 | |
| Hippogryph | 9 | |
47 total
» upgrades
| Improved Bows | 1 | |
| Hippogryph Taming | 1 | |
| Marksmanship | 1 | |
| Strength of the Moon | 3 | |
| Well Spring | 1 | |
| Moon Armor | 1 | |
8 total
» buildings
| Altar of Elders | 1 | |
| Moon Well | 6 | |
| Ancient of War | 1 | |
| Tree of Ages | 1 | |
| Tree of Eternity | 1 | |
| Ancient of Wind | 2 | |
| Ancient of Wonders | 1 | |
| Hunter's Hall | 1 | |
| Tree of Life | 1 | |
15 total
» build order
00:05 Altar of Elders
00:17 Moon Well
00:46 Ancient of War
01:27 Moon Well
02:13 Moon Well
03:25 Tree of Ages
05:02 Moon Well
05:02 Moon Well
05:48 Tree of Eternity
05:51 Ancient of Wind
05:55 Ancient of Wind
06:20 Ancient of Wonders
07:11 Hunter's Hall
12:31 Tree of Life
17:19 Moon Well
» items
| Orb of Venom | 1 | |
| Scroll of Town Portal | 2 | |
| Potion of Healing | 1 | |
4 total
GOKUMaN69 (
green | 90 APM | 1704 actions | 18:52)
5 Demon Hunter
3 Mana Burn
2 Evasion
3 Priestess of the Moon
2 Trueshot Aura
1 Scout
» actions
| Assign group hotkey | 8 | |
| Basic commands | 1 | |
| Build / train | 68 | |
| Enter build submenu | 15 | |
| Enter hero's abilities submenu | 8 | |
| Remove unit from queue | 3 | |
| Right click | 986 | |
| Select / deselect | 327 | |
| Select group hotkey | 235 | |
| Use ability | 53 | |
1704 total
» units
» upgrades
| Abolish Magic | 1 | |
| Strength of the Wild | 1 | |
2 total
» buildings
| Altar of Elders | 1 | |
| Moon Well | 6 | |
| Ancient of War | 1 | |
| Tree of Ages | 2 | |
| Hunter's Hall | 1 | |
| Tree of Eternity | 1 | |
| Ancient of Lore | 2 | |
| Ancient of Wonders | 1 | |
15 total
» build order
00:04 Altar of Elders
00:21 Moon Well
00:49 Ancient of War
01:34 Moon Well
03:29 Moon Well
03:52 Moon Well
04:31 Tree of Ages
04:31 Tree of Ages
06:09 Hunter's Hall
08:41 Tree of Eternity
08:45 Ancient of Lore
08:48 Ancient of Lore
09:25 Moon Well
10:27 Moon Well
15:23 Ancient of Wonders
» items
gwbushin2008 (
orange | 107 APM | 2011 actions | 18:52)
4 Blademaster
2 Wind Walk
2 Critical Strike
4 Tauren Chieftain
2 Shockwave
2 Endurance Aura
» actions
| Assign group hotkey | 332 | |
| Basic commands | 99 | |
| Build / train | 66 | |
| ESC pressed | 3 | |
| Enter build submenu | 20 | |
| Enter hero's abilities submenu | 8 | |
| Remove unit from queue | 4 | |
| Right click | 941 | |
| Select / deselect | 243 | |
| Select group hotkey | 230 | |
| Use ability | 65 | |
2011 total
» units
| Peon | 7 | |
| Grunt | 13 | |
| Shaman | 9 | |
| Tauren | 6 | |
| Spirit Walker | 1 | |
36 total
» upgrades
| Berserker Strength | 1 | |
| Armor | 3 | |
| Shaman Training | 2 | |
| Witch Doctor Training | 0 | |
| Pulverize | 1 | |
| Melee Weapons | 1 | |
8 total
» buildings
| Altar of Storms | 1 | |
| Orc Burrow | 9 | |
| Barracks | 1 | |
| Voodoo Lounge | 2 | |
| Stronghold | 1 | |
| War Mill | 1 | |
| Fortress | 1 | |
| Spirit Lodge | 1 | |
| Tauren Totem | 1 | |
| Great Hall | 1 | |
19 total
» build order
00:12 Altar of Storms
00:20 Orc Burrow
00:43 Barracks
01:38 Orc Burrow
02:53 Voodoo Lounge
03:36 Stronghold
06:01 Orc Burrow
06:14 War Mill
08:04 Orc Burrow
08:06 Orc Burrow
08:07 Orc Burrow
08:33 Voodoo Lounge
09:45 Fortress
09:48 Orc Burrow
10:03 Spirit Lodge
10:23 Orc Burrow
10:24 Orc Burrow
12:16 Tauren Totem
13:28 Great Hall
» items
| Healing Salve | 2 | |
| Lesser Clarity Potion | 1 | |
| Scroll of Speed | 1 | |
| Potion of Lesser Invulnerability | 1 | |
| Scroll of Healing | 1 | |
6 total
HERNaNDO (
teal | 62 APM | 1162 actions | 18:52)
3 Archmage
2 Summon Water Elemental
1 Brilliance Aura
» actions
| Assign group hotkey | 12 | |
| Basic commands | 39 | |
| Build / train | 55 | |
| Enter build submenu | 19 | |
| Enter hero's abilities submenu | 4 | |
| Remove unit from queue | 7 | |
| Right click | 486 | |
| Select / deselect | 267 | |
| Select group hotkey | 230 | |
| Use ability | 42 | |
1162 total
» units
| Peasant | 12 | |
| Footman | 5 | |
| Rifleman | 7 | |
| Priest | 6 | |
30 total
» upgrades
| Defend | 1 | |
| Long Rifles | 1 | |
| Masonry | 1 | |
| Lumber Harvesting | 1 | |
| Swords | 0 | |
| Gunpowder | 3 | |
| Armor | 2 | |
| Magic Sentry | 1 | |
| Priest Training | 1 | |
11 total
» buildings
| Altar of Kings | 1 | |
| Farm | 10 | |
| Lumber Mill | 1 | |
| Scout Tower | 1 | |
| Barracks | 2 | |
| Keep | 1 | |
| Blacksmith | 1 | |
| Arcane Sanctum | 1 | |
| Town Hall | 1 | |
| Castle | 1 | |
20 total
» build order
00:11 Altar of Kings
00:22 Farm
00:22 Farm
00:36 Lumber Mill
00:54 Scout Tower
00:59 Barracks
01:43 Farm
02:31 Farm
03:36 Farm
04:15 Barracks
06:01 Keep
06:07 Blacksmith
08:55 Farm
08:56 Farm
09:27 Arcane Sanctum
12:21 Farm
12:22 Farm
13:10 Farm
13:26 Town Hall
15:03 Castle
» items
team 2 (loser)
BEAR_AND (
blue | 158 APM | 2975 actions | 18:49)
3 Archmage
2 Summon Water Elemental
1 Brilliance Aura
» actions
| Assign group hotkey | 41 | |
| Basic commands | 21 | |
| Build / train | 59 | |
| Enter build submenu | 26 | |
| Enter hero's abilities submenu | 3 | |
| Give item / drop item | 1 | |
| Right click | 2084 | |
| Select / deselect | 352 | |
| Select group hotkey | 314 | |
| Use ability | 74 | |
2975 total
» units
| Peasant | 15 | |
| Footman | 6 | |
| Spell Breaker | 14 | |
| Priest | 3 | |
| Sorceress | 1 | |
39 total
» upgrades
| Defend | 1 | |
| Magic Sentry | 1 | |
| Masonry | 1 | |
3 total
» buildings
| Altar of Kings | 1 | |
| Farm | 8 | |
| Barracks | 1 | |
| Scout Tower | 5 | |
| Arcane Tower | 1 | |
| Keep | 1 | |
| Blacksmith | 1 | |
| Arcane Sanctum | 2 | |
| Lumber Mill | 1 | |
| Arcane Vault | 1 | |
| Guard Tower | 1 | |
| Town Hall | 2 | |
25 total
» build order
00:08 Altar of Kings
00:11 Farm
00:38 Barracks
00:46 Farm
01:27 Scout Tower
01:55 Arcane Tower
02:01 Farm
02:29 Farm
03:35 Keep
04:59 Blacksmith
05:59 Arcane Sanctum
06:01 Arcane Sanctum
06:06 Scout Tower
06:06 Scout Tower
06:08 Lumber Mill
06:09 Scout Tower
06:10 Scout Tower
06:31 Arcane Vault
08:11 Guard Tower
08:19 Farm
08:20 Farm
08:21 Farm
08:22 Farm
11:06 Town Hall
16:25 Town Hall
» items
| Scroll of Regeneration | 1 | |
| Scroll of Town Portal | 3 | |
| Lesser Clarity Potion | 2 | |
| Potion of Healing | 3 | |
| Staff of Sanctuary | 1 | |
10 total
Gobiner (
yellow | 60 APM | 1133 actions | 18:51)
3 Demon Hunter
2 Mana Burn
1 Evasion
2 Keeper of the Grove
1 Entangling Roots
1 Thorns Aura
» actions
| Assign group hotkey | 24 | |
| Basic commands | 37 | |
| Build / train | 56 | |
| ESC pressed | 3 | |
| Enter build submenu | 15 | |
| Enter hero's abilities submenu | 5 | |
| Give item / drop item | 1 | |
| Right click | 450 | |
| Select / deselect | 215 | |
| Select group hotkey | 275 | |
| Use ability | 52 | |
1133 total
» units
| Wisp | 13 | |
| Archer | 7 | |
| Chimaera | 6 | |
| Hippogryph | 10 | |
36 total
» upgrades
| Ultravision | 1 | |
| Strength of the Wild | 3 | |
4 total
» buildings
| Altar of Elders | 1 | |
| Moon Well | 5 | |
| Ancient of War | 1 | |
| Tree of Ages | 1 | |
| Tree of Eternity | 1 | |
| Hunter's Hall | 1 | |
| Ancient of Wind | 2 | |
| Chimaera Roost | 2 | |
| Ancient of Wonders | 1 | |
15 total
» build order
00:07 Altar of Elders
00:12 Moon Well
00:36 Ancient of War
01:24 Moon Well
02:44 Tree of Ages
04:27 Moon Well
04:27 Moon Well
05:35 Tree of Eternity
05:39 Hunter's Hall
06:12 Ancient of Wind
08:00 Chimaera Roost
08:02 Chimaera Roost
09:49 Ancient of Wonders
10:15 Moon Well
15:11 Ancient of Wind
» items
| Orb of Venom | 2 | |
| Staff of Preservation | 1 | |
| Anti-magic Potion | 1 | |
| Scroll of Town Portal | 1 | |
5 total
iggy_the_fisk (
purple | 127 APM | 2394 actions | 18:51)
3 Archmage
2 Summon Water Elemental
1 Brilliance Aura
3 Mountain King
2 Storm Bolt
1 Bash
» actions
| Assign group hotkey | 173 | |
| Basic commands | 30 | |
| Build / train | 73 | |
| Enter build submenu | 18 | |
| Enter hero's abilities submenu | 6 | |
| Right click | 1275 | |
| Select / deselect | 310 | |
| Select group hotkey | 413 | |
| Use ability | 96 | |
2394 total
» units
| Peasant | 10 | |
| Footman | 6 | |
| Sorceress | 7 | |
| Rifleman | 6 | |
| Mortar Team | 6 | |
| Flying Machine | 11 | |
46 total
» upgrades
| Defend | 1 | |
| Long Rifles | 1 | |
| Gunpowder | 1 | |
| Fragmentation Shards | 1 | |
| Sorceress Training | 1 | |
5 total
» buildings
| Altar of Kings | 1 | |
| Barracks | 1 | |
| Farm | 6 | |
| Scout Tower | 3 | |
| Lumber Mill | 1 | |
| Arcane Tower | 2 | |
| Keep | 1 | |
| Blacksmith | 1 | |
| Arcane Sanctum | 1 | |
| Guard Tower | 1 | |
| Castle | 1 | |
| Workshop | 2 | |
| Arcane Vault | 1 | |
22 total
» build order
00:21 Altar of Kings
00:38 Barracks
00:42 Farm
01:13 Farm
01:38 Scout Tower
01:56 Lumber Mill
02:06 Scout Tower
02:12 Arcane Tower
02:38 Farm
02:52 Arcane Tower
02:55 Scout Tower
03:38 Keep
06:10 Blacksmith
06:11 Arcane Sanctum
06:13 Farm
06:15 Guard Tower
07:03 Castle
07:05 Farm
08:37 Workshop
08:56 Farm
09:24 Arcane Vault
14:31 Workshop
» items
| Boots of Speed | 1 | |
| Staff of Teleportation | 1 | |
| Dust of Appearance | 1 | |
| Scroll of Regeneration | 3 | |
| Potion of Healing | 2 | |
| Scroll of Town Portal | 1 | |
9 total

»
TIMG4STRok (
red | 174 APM | 3269 actions | 18:47)
4 Demon Hunter
2 Mana Burn
2 Evasion
3 Naga Sea Witch
2 Frost Arrows
1 Forked Lightning
» actions
| Assign group hotkey | 25 | |
| Basic commands | 75 | |
| Build / train | 74 | |
| ESC pressed | 4 | |
| Enter build submenu | 13 | |
| Enter hero's abilities submenu | 7 | |
| Give item / drop item | 1 | |
| Right click | 1587 | |
| Select / deselect | 364 | |
| Select group hotkey | 1058 | |
| Use ability | 61 | |
3269 total
» units
| Wisp | 17 | |
| Huntress | 10 | |
| Dryad | 11 | |
| Druid of the Claw | 4 | |
| Archer | 3 | |
45 total
» upgrades
| Abolish Magic | 1 | |
| Strength of the Wild | 2 | |
| Ultravision | 1 | |
| Druid of the Claw Training | 2 | |
| Reinforced Hides | 1 | |
7 total
» buildings
| Altar of Elders | 1 | |
| Moon Well | 5 | |
| Hunter's Hall | 1 | |
| Ancient of War | 1 | |
| Tree of Ages | 1 | |
| Ancient of Lore | 2 | |
| Ancient of Wonders | 1 | |
| Tree of Eternity | 1 | |
| Tree of Life | 1 | |
14 total
» build order
00:06 Altar of Elders
00:18 Moon Well
01:29 Hunter's Hall
01:37 Moon Well
02:00 Ancient of War
02:34 Moon Well
03:21 Tree of Ages
05:49 Ancient of Lore
05:49 Ancient of Lore
06:11 Moon Well
08:36 Ancient of Wonders
08:50 Tree of Eternity
09:32 Tree of Life
09:53 Moon Well
» items
| Scroll of Town Portal | 2 | |
| Scroll of Regeneration | 1 | |
| Orb of Venom | 1 | |
| Potion of Healing | 3 | |
| Staff of Preservation | 1 | |
8 total
Chat log
(00:02 / All) HERNaNDO: From?
(00:20 / All) HERNaNDO: From?
(00:27 / All) TIMG4STRok: gl hf
(00:30 / All) HERNaNDO: gl hf
(03:09 / All) TIMG4STRok: gg
(03:12 / All) HERNaNDO: sometimes its hard 2 tell if theres 4 or 5 dudes u get that too..
(03:15 / All) HERNaNDO: gg
(03:23 / All) HERNaNDO: GL HF
(03:56 / All) TIMG4STRok: nice archer
(03:59 / All) TIMG4STRok: ty
(04:04 / All) HERNaNDO: nOT..a ahahaha
(04:32 / All) HERNaNDO: oh hey gobiner didn know u were playin
(04:37 / All) HERNaNDO: sup
(05:02 / All) HERNaNDO: CHARGE
(08:21 / All) HERNaNDO: so guys j/w
(08:28 / All) HERNaNDO: is the malice in ur heart because we bad at game??
(08:40 / All) TIMG4STRok: nope because you are annoying
(08:41 / All) HERNaNDO: HONEST Q
(08:46 / All) HERNaNDO: ok good
(10:40 / All) HERNaNDO: HOW COME NO TRASH TALKIN??
(10:47 / All) TIMG4STRok: manner game please
(10:51 / All) Dexanth: Ok coo
(10:56 / All) HERNaNDO: RGR
(12:45 / All) HERNaNDO: how can we forge a truce??
(12:49 / All) HERNaNDO: IRL i mean
(18:47 / All) TIMG4STRok: gg
(18:50 / All) HERNaNDO: GG
(18:52 / All) gwbushin2008: gg